[Event "ChessKid Cup Div-I 2023"]
[Site "Online"]
[Date "2023.05.23"]
[Round "2.1"]
[White "Van Foreest, Jorden"]
[Black "Kollars, Dmitrij"]
[Result "0-1"]
[ECO "D11"]
[WhiteElo "2689"]
[BlackElo "2607"]
[Annotator "TA"]
[PlyCount "98"]
[EventDate "2023.05.21"]
[EventType "k.o."]
[EventCountry "NET"]
[SourceTitle "playchess.com"]
[Source "ChessBase"]
[SourceQuality "1"]
[TimeControl "900+3"]

1. d4 d5 2. c4 c6 3. Nf3 Nf6 4. Qc2 g6 5. e3 Bg7 6. Be2 {[%emt 0:00:01] D11: Slav Defence: 3 Nf3 sidelines and 3...Nf6 4 e3 Bg4.} c5 $5 {[%emt 0:01:25][%mdl 4] A promising side line.} 7. cxd5 (7. dxc5 O-O $11) 7... cxd4 8. Nxd4 {[%emt 0:00:12] Threatening e4. White is slightly better.} O-O 9. O-O Nxd5 10. Rd1 Qb6 {[%emt 0:00:30] [#]} 11. Nc3 $146 ({Predecessor:} 11. Qc4 Nf6 12. Nc3 Bd7 13. Na4 Qa6 14. Qxa6 Nxa6 15. Nb5 Rfc8 16. Bd2 Ne4 17. Be1 {½-½ Predke,A (2666)-Ponomariov,R (2631) FIDE Grand Swiss 2021 (4)}) 11... Nb4 12. Qb3 N8c6 13. a3 Nxd4 14. exd4 Nc6 15. Qxb6 axb6 16. Be3 Bf5 17. Rac1 h5 18. h3 h4 ({Better is} 18... Rfd8 $14) 19. Bg4 (19. Nb5 $16) 19... Bxg4 $11 20. hxg4 e6 21. f3 Na5 22. Ne4 Rfc8 23. Bf2 Rxc1 24. Rxc1 Nc6 25. g5 Rd8 26. Nf6+ (26. Kh2 $11) 26... Bxf6 $15 27. gxf6 {[%emt 0:00:00][%mdl 4096] Endgame KRB-KRN} g5 $1 (27... Nxd4 28. Bxd4 Rxd4 29. Rc8+ Kh7 30. Rc7 $14) 28. Be3 Rd5 (28... Nxd4 $6 29. Rc4 Nf5 30. Bxg5 $11) 29. a4 Kh7 $1 30. b4 b5 $2 ({Not} 30... Nxd4 31. Rc4 Nc6 32. Rg4 $11) ({Black should try} 30... Nxb4 $19 {And now ...Kg6 would win.} 31. Rc7 Kg6 32. Rxb7 Rd8) 31. a5 $1 $11 {[%emt 0:00:06][%cal Oa5a6] Strongly threatening a6!} Nd8 (31... Nxb4 $5 32. Rc7 $8 Kg6 $11) 32. f4 (32. Rc7 $11 {remains equal.}) 32... g4 $1 $17 33. Kf2 {[%emt 0:00:36] [#]} Kg6 $1 34. Rh1 {[%emt 0:00:06] [#]} Rh5 ({And not} 34... Kxf6 35. Rxh4 Nc6 36. Bd2 $11) 35. Rc1 Kxf6 36. Ke2 $2 {[%emt 0:00:01][%mdl 8192] White does not recover from this.} (36. Rc7 $17 {is a better chance.}) 36... h3 $19 {[%emt 0:00:09] Black is clearly winning.} 37. gxh3 gxh3 ({Stronger than} 37... Rxh3 38. Rc5 $11) 38. Kf3 h2 39. Rh1 Kf5 40. Bf2 Nc6 41. Bg3 Nxd4+ 42. Kf2 Nc6 43. Bxh2 Nxb4 {[%emt 0:00:03] Hoping for ...Nd5.} 44. Kg3 Nd5 45. Rc1 (45. Rb1 $142 b4 46. Bg1) 45... f6 46. Rc5 b4 47. Bg1 Rh7 48. Rb5 Rg7+ 49. Kf2 Kxf4 {[%emt 0:00:11] Weighted Error Value: White=0.47/Black=0.19 (very precise)} 0-1

[Event "ChessKid Cup Div-I 2023"]
[Site "Online"]
[Date "2023.05.23"]
[Round "2.2"]
[White "Abdusattorov, Nodirbek"]
[Black "Caruana, Fabiano"]
[Result "1-0"]
[ECO "E20"]
[WhiteElo "2731"]
[BlackElo "2764"]
[Annotator "TA"]
[PlyCount "81"]
[EventDate "2023.05.21"]
[EventType "k.o."]
[EventCountry "NET"]
[SourceTitle "playchess.com"]
[Source "ChessBase"]
[SourceQuality "1"]
[TimeControl "900+3"]

1. d4 Nf6 2. c4 e6 3. Nf3 d5 4. Nc3 Bb4 5. g3 O-O 6. Bg2 dxc4 7. O-O Nc6 8. Re1 Rb8 9. a3 $1 {[%emt 0:00:04][%mdl 4] is more profitable than 9.e4 at the moment. E20: Nimzo-Indian: 4 g3 and 4 f3.} Bd6 ({Black should play} 9... Ba5 $11) 10. Qa4 $14 e5 {[%emt 0:01:27] [#]} 11. dxe5 $146 {[%emt 0:02:56] White is slightly better.} ({Predecessor:} 11. d5 Nd4 12. Nxd4 exd4 13. Qxa7 dxc3 14. Qxb8 Be5 15. bxc3 Bxc3 16. Bf4 Nxd5 17. Rad1 Bxe1 18. Bxd5 {1-0 Kindermann,S (2455)-Suba,M (2490) Dortmunder Schachtage-09 1981}) 11... Nxe5 12. Qxa7 Bg4 (12... Be6 $11) 13. Nxe5 Bxe5 14. Qc5 Bd4 15. Qxc4 Be6 16. Qd3 Ng4 17. Rf1 b5 18. Bf4 ({Of course not} 18. Nxb5 $6 Bxf2+ 19. Rxf2 Qxd3 20. exd3 Nxf2 21. Kxf2 Rxb5 $11) 18... Bc4 (18... g5 $142) 19. Qf5 Qc8 20. Qxc8 (20. Qc2 {looks sharper.} Qe6 21. Bxc7 Rbe8 22. Qd2) 20... Rbxc8 21. h3 Nf6 22. Rfc1 Nh5 23. e3 Nxf4 24. gxf4 ({Much less strong is} 24. exd4 Nxg2 25. Kxg2 c6 $14) 24... Bf6 25. Bf1 Rb8 26. Bxc4 bxc4 27. Ra2 Rfd8 (27... Rb3 $142 28. Na4 Ra8 29. Rxc4 h5) 28. Ne4 $18 Bxb2 29. Rxc4 f5 30. Ng5 Rd7 31. a4 Bf6 32. Ne6 Rb7 33. a5 {[%emt 0:00:05] Strongly threatening a6.} Ra7 34. Rc6 Kf7 $2 {[%emt 0:00:17] [#]} (34... Rd6 35. Rxd6 (35. Rxc7 Ra8 $16) 35... cxd6) 35. a6 Bd8 36. Rb2 Be7 37. Nd4 Rd6 38. Ra2 g6 (38... Rd5 $142 39. Rc1 Rd6) 39. Nb5 {[%emt 0:00:18][%csl LRa7,LRc7,LRd6] White is clearly winning.} Rxc6 40. Nxa7 Rb6 {[%emt 0:00:01] [#]} 41. Nc6 $1 {[%emt 0:00:04][%mdl 576] Clearance, Promotion. Black did not feel at home in the position after the opening.   Weighted Error Value: White=0.07 (flawless) /Black=0.35} 1-0

[Event "ChessKid Cup Div-I 2023"]
[Site "Online"]
[Date "2023.05.23"]
[Round "2.2"]
[White "Kollars, Dmitrij"]
[Black "Van Foreest, Jorden"]
[Result "0-1"]
[ECO "B45"]
[WhiteElo "2607"]
[BlackElo "2689"]
[Annotator "TA"]
[PlyCount "100"]
[EventDate "2023.05.21"]
[EventType "k.o."]
[EventCountry "NET"]
[SourceTitle "playchess.com"]
[Source "ChessBase"]
[SourceQuality "1"]
[TimeControl "900+3"]

1. e4 c5 2. Nf3 e6 3. d4 cxd4 4. Nxd4 Nf6 5. Nc3 Nc6 6. Nxc6 bxc6 7. e5 Nd5 8. Ne4 Qc7 9. f4 f5 10. exf6 {[%emt 0:00:15] B45: Sicilian Four Knights.} gxf6 11. Qh5+ (11. Bd2 $14) 11... Kd8 $11 12. Bd2 {[%emt 0:00:08][%cal Oe4f6] [#] Strongly threatening Nxf6! The position is equal.} Qb6 $146 (12... Rb8 $5 ) ({Predecessor:} 12... Nxf4 13. Qh4 Ng6 14. Qxf6+ Be7 15. Qc3 d5 16. O-O-O Rb8 17. Ng5 Rf8 18. Nxh7 Rf7 {0-1 Gadimbayli,A (2524)-Mamedyarov,S (2740) Gashimov Memorial Blitz 8th 2022 (18)}) 13. c4 (13. Nxf6 $5 Qxb2 14. Ba5+ Ke7 15. Nxd5+ cxd5 16. Qe5 $11 (16. Rd1 Bg7 $11)) 13... Qd4 (13... Qxb2 $11 14. Rd1 Bb4 15. cxd5 exd5) 14. Qe2 $16 {[%emt 0:03:09] [#] 0-0-0 would be deadly.} Ba6 15. O-O-O {[%emt 0:02:21] And now Ba5+ would win.} (15. Rd1 {simplifies} Kc8 16. Bc3 Qe3 17. Nxf6 Qxe2+ 18. Bxe2 Nxc3 19. bxc3 d6 20. O-O) 15... Kc8 16. Qe1 Rb8 17. Bc3 (17. cxd5 $2 Qxb2#) 17... Qe3+ {[%emt 0:00:02] [#]} 18. Kc2 (18. Qxe3 $6 Nxe3 19. Rd2 (19. Bxf6 Rg8 $15) 19... Bxc4 20. Bxc4 Nxc4 $11) ({White must play} 18. Qd2 $1 $16 Qxe4 19. cxd5 {[%mdl 64] Discovered Attack} Bxf1 20. dxe6 Qxe6 21. Rhxf1 (21. Rdxf1 Qxa2 22. Rd1 Rb7 $15)) 18... Qxe1 $15 19. Rxe1 Nxc3 (19... Nxf4 20. Nxf6 Bb4 21. Bxb4 Rxb4 22. Re4 $16) 20. Nxc3 h5 21. Bd3 (21. f5 $11) 21... f5 $17 22. g3 c5 23. Nb5 Ra8 24. Rhg1 Bb7 25. b3 a6 {[%emt 0:00:03] Black converts the advantage convincingly.} 26. Nc3 Bg7 27. Ne2 (27. Rgf1 $142) 27... Kc7 {[%emt 0:00:08] Black is more active.} 28. a3 Bc6 {[%emt 0:00:55] A strong pair of Bishops.} 29. Rb1 Rhb8 30. h4 Bf6 31. b4 Be7 32. Kc3 Rb6 33. Rb3 $2 (33. bxc5 {might work better.} Rxb1 34. Rxb1) 33... Rab8 $19 34. b5 axb5 35. cxb5 Bd5 {[%emt 0:00:01] ...Bf6+ is the strong threat.} (35... Bxb5 $2 36. Bxb5 Rxb5 37. Rgb1 Rxb3+ 38. Rxb3 $19) 36. Rbb1 Bf6+ (36... Ra8 $2 37. Rgc1 $19) 37. Kd2 Ra8 38. Rgc1 Kd6 (38... Rxa3 39. Rxc5+ Kd6 40. Rc2 $19) 39. Nc3 Rxa3 40. Nxd5 exd5 (40... Kxd5 $2 {perishes.} 41. Rc4 $19) 41. Rd1 c4 42. Bxf5 Rxg3 {[%emt 0:00:01] White must now prevent ...d4.} 43. Ke2 d4 ({Weaker is} 43... Bxh4 44. Be4 $15) 44. Kf2 Ra3 45. Kg2 Kc5 ({Stronger than} 45... Bxh4 46. Rxd4+ Kc5 47. Rxd7 $15) 46. Bxd7 Bxh4 47. Rh1 Rg6+ 48. Kf1 Rf3+ 49. Ke2 Rxf4 (49... Rf2+ $142 50. Kd1 c3 51. Bf5 Rgg2 52. Rb3 Bg3 53. Kc1 Bxf4+ 54. Kb1 c2+ 55. Bxc2 Rxc2 56. b6 Kc4 57. Ra3 d3 58. b7 Rb2+ 59. Ka1 Be5 60. Rh4+ Kc5 61. Rc3+ Bxc3 62. Rxh5+ Kd6 63. Rh6+ Ke7 64. Rh7+ Kf8 65. Rh8+ {[%mdl 64] Back Rank} Bxh8 66. b8=Q+ Rxb8#) 50. b6 Rxb6 {[%emt 0:00:03] Weighted Error Value: White=0.56/Black=0.25 (precise)} 0-1

[Event "ChessKid Cup Div-I 2023"]
[Site "Online"]
[Date "2023.05.23"]
[Round "2.3"]
[White "Caruana, Fabiano"]
[Black "Abdusattorov, Nodirbek"]
[Result "1-0"]
[ECO "C18"]
[WhiteElo "2764"]
[BlackElo "2731"]
[Annotator "TA"]
[PlyCount "113"]
[EventDate "2023.05.21"]
[EventType "k.o."]
[EventCountry "NET"]
[SourceTitle "playchess.com"]
[Source "ChessBase"]
[SourceQuality "1"]
[TimeControl "900+3"]

1. e4 e6 2. d4 d5 3. Nc3 Bb4 4. e5 c5 5. a3 Bxc3+ 6. bxc3 Ne7 7. h4 b6 {[%emt 0:00:03] C18: French: 3 Nc3 Bb4: Main line: 7 h4 and 7 Qg4.} 8. Bb5+ Bd7 9. Bd3 c4 {[%emt 0:00:22] The position is equal.} 10. Be2 Ba4 11. h5 h6 {[%emt 0:00:09] [#]} 12. f4 $146 ({Predecessor:} 12. Nh3 Kd7 13. Nf4 Qg8 14. Bg4 Qh7 15. Ra2 Na6 16. Be3 Nc7 17. Kd2 Kc6 18. Bh3 {0-1 Atabayev,M (2496)-Lugovskoy,M (2401) Moscow op-A 2015 (9)}) 12... Nbc6 13. Nf3 Qd7 14. Be3 O-O-O 15. g4 Rdf8 16. Qd2 Kb7 17. Kf2 f6 18. Rag1 Rf7 19. Rg3 Rhf8 20. Kg2 a5 (20... fxe5 {is interesting.} 21. dxe5 d4 22. Rf1 Bxc2 23. Nxd4 Be4+) 21. Nh4 Na7 22. Bf3 Nb5 23. Ra1 Ka6 24. exf6 (24. Kh2 $11) 24... Rxf6 25. Kh2 Qd6 26. Bg2 Rxf4 ({Black should try} 26... g6 $17 {aiming for ...gxh5.} 27. hxg6 Nxg6 28. Nxg6 Rxg6) 27. Bxf4 $11 Rxf4 28. Kh3 Ng8 29. Ng6 Rf7 30. Ne5 Rf8 31. g5 hxg5 (31... Ne7 {keeps more tension.} 32. gxh6 gxh6 33. Ng6 Nf5) 32. Rxg5 (32. Bf3 $5 ) 32... Nf6 (32... Qc7 $1 $15 {is superior.}) 33. Bf3 $36 {[%emt 0:00:04][%cal Bg2f3,Bf3g4,Bg4e6][%mdl 2080] White has good play.} (33. Rxg7 Nxh5 34. Rh7 Rf5 $17) 33... Nd7 {[%emt 0:00:50] [#] ...Nxe5 would be deadly. Excellent horsemanship.} 34. Bg4 (34. Rxg7 $2 {perishes.} Nxe5 35. Bd1 Rf1 $19) 34... Nxe5 35. Rxe5 Rf6 36. Rae1 Qxa3 (36... Nc7 $1 $11 {keeps the balance.}) 37. Rxe6 $16 ({But not} 37. Bxe6 $6 Qxc3+ 38. Qxc3 Nxc3 $14) 37... Rxe6 {[%emt 0:01:20] This move loses the game for Black.} (37... Rf7 $16 {was called for.}) 38. Bxe6 $18 Qxc3+ $2 {[%emt 0:01:26] [#]} (38... Qf8 {is more resistant.} 39. Kg3 (39. Bxd5 $2 Qf5+ 40. Kg3 Qxd5 $19) 39... Nc7) 39. Qxc3 Nxc3 $11 {[%emt 0:00:01][%mdl 4096] Endgame KRB-KBN} 40. Bc8+ Kb5 41. Bd7+ Kb4 42. Bxa4 Ne4 43. Bc6 Nf6 44. Kh4 Kc3 45. Rf1 Nxh5 46. Kxh5 {[%emt 0:00:00] White mates.} Kxd4 47. Rf5 Kc3 48. Bxd5 a4 49. Rf3+ Kb4 50. Rf1 b5 51. Rb1+ Kc5 52. Bf7 b4 53. Kg4 a3 54. Kf3 g5 55. Ke3 g4 56. Rg1 a2 57. Ra1 {[%emt 0:00:02] Weighted Error Value: White=0.08 (flawless) /Black=0.39} (57. Rxg4 $2 {loses.} a1=Q 58. Rxc4+ Kb5 $19) 1-0

[Event "ChessKid Cup Div-I 2023"]
[Site "Online"]
[Date "2023.05.23"]
[Round "2.3"]
[White "Van Foreest, Jorden"]
[Black "Kollars, Dmitrij"]
[Result "1-0"]
[ECO "D11"]
[WhiteElo "2689"]
[BlackElo "2607"]
[Annotator "TA"]
[PlyCount "77"]
[EventDate "2023.05.21"]
[EventType "k.o."]
[EventCountry "NET"]
[SourceTitle "playchess.com"]
[Source "ChessBase"]
[SourceQuality "1"]
[TimeControl "900+3"]

1. d4 d5 2. c4 c6 3. Nf3 Nf6 4. g3 dxc4 5. Bg2 Bf5 (5... b5 $11 {might be stronger.}) 6. Nc3 {[%emt 0:00:35] D11: Slav Defence: 3 Nf3 sidelines and 3...Nf6 4 e3 Bg4.} (6. Nbd2 $14) 6... e6 (6... Nbd7 $11) 7. O-O (7. Ne5 $14) 7... Nbd7 $11 8. Nh4 {[%emt 0:00:20] Black has an edge.} Bg4 9. h3 Bh5 {[%emt 0:00:02] [#]} 10. b3 $1 $146 {[%emt 0:02:01][%mdl 8] A top novelty.} ({Predecessor:} 10. g4 Bg6 11. Nxg6 hxg6 12. e4 e5 13. g5 Nh5 14. Ne2 Be7 15. h4 b5 16. a4 {0-1 Hansen,E (2609)-Sjugirov,S (2712) Titled Tuesday intern op 06th Dec Early blitz 2022 (11)}) 10... Bb4 11. Bd2 (11. Na4 $11) 11... cxb3 (11... Nb6 $5 12. Na4 Bxd2 13. Qxd2 Nxa4 14. bxa4 g5 $15) 12. Qxb3 a5 13. g4 Nd5 $1 {[%emt 0:00:34] ...a4 is the strong threat.} 14. Nf3 (14. gxh5 {is interesting.} a4 15. Qb2 Bxc3 16. Bxc3 Nxc3 17. Qxc3 Qxh4 18. Rab1) 14... Nxc3 15. Bxc3 Bxc3 16. Qxc3 Bg6 17. Ne5 Nxe5 18. dxe5 O-O 19. Rad1 Qe7 20. Rd6 Rfd8 21. Rfd1 f6 22. Qc5 {[%emt 0:01:07] [#] Threatens to win with Rxd8+.} Rd7 23. Qb6 Rxd6 24. exd6 Qd7 25. f4 e5 (25... a4 $11) 26. fxe5 fxe5 27. Qc7 $36 {[%emt 0:00:04][%mdl 2048] White is more active.} Rd8 28. Qxa5 Bf7 29. Qxe5 ({White should try} 29. a4 $16) 29... Bxa2 {[%emt 0:00:09] [#]} (29... Qe6 $1 $11 {keeps the balance.} 30. Qa5 Qe3+ 31. Kh2 b6) 30. e4 $1 $16 {[%emt 0:00:01][%cal Be2e4,Be4e5][%mdl 32] White is much more active.} Bb3 31. Rd2 Qe6 (31... Be6 $16) 32. Qa5 (32. Qc3 $18) 32... Qd7 33. e5 {[%emt 0:00:02] Hoping for Be4.} Re8 (33... Be6 $16 {was worth a try.} 34. Rb2 Rf8) 34. Rb2 $18 Bf7 (34... Qf7 35. Qc7 (35. d7 Qxd7 36. Qc5 Rf8 $17) 35... Qc4) 35. Qc7 {[%emt 0:00:39] White is clearly winning.} Qxc7 36. dxc7 b5 37. Bxc6 Rc8 38. Rd2 {[%emt 0:00:03] Rd8+ would kill now.} ({Weaker is} 38. Bxb5 Rxc7 39. Be2 Kf8 $16) 38... Be6 39. Bd7 {[%emt 0:00:01] Weighted Error Value: White=0.18 (very precise) /Black=0.28 (precise)} ({Not} 39. Bxb5 Rxc7 40. Rd6 Rc5 $11) 1-0

[Event "ChessKid Cup Div-I 2023"]
[Site "Online"]
[Date "2023.05.23"]
[Round "2.4"]
[White "Abdusattorov, Nodirbek"]
[Black "Caruana, Fabiano"]
[Result "1-0"]
[ECO "E06"]
[WhiteElo "2731"]
[BlackElo "2764"]
[Annotator "TA"]
[PlyCount "105"]
[EventDate "2023.05.21"]
[EventType "k.o."]
[EventCountry "NET"]
[SourceTitle "playchess.com"]
[Source "ChessBase"]
[SourceQuality "1"]
[TimeControl "900+3"]

1. d4 Nf6 2. c4 e6 3. Nf3 d5 4. g3 Be7 5. Bg2 O-O 6. Qd3 {[%emt 0:00:05] E06: Closed Catalan: Early deviations.} b6 7. cxd5 Nxd5 8. O-O {[%emt 0:00:04] The position is equal.} Bb7 9. Nc3 Nd7 10. Nxd5 exd5 11. Bf4 c5 12. b3 a5 {[%emt 0:00:13] [#]} 13. Rfd1 $146 ({Predecessor:} 13. a4 Bf6 14. Rfd1 cxd4 15. Nxd4 Nc5 16. Qb1 Re8 17. Ra2 Qd7 18. Nb5 Be5 19. Bxe5 Rxe5 {½-½ Grischuk,A (2777)-Aronian,L (2773) Clutch-ch June rapid 2020 (1.4)}) 13... a4 14. Rac1 axb3 15. axb3 Ra3 16. Qc2 Re8 17. h4 h6 {[%emt 0:00:27] Dodges Ng5} 18. Qb2 Ra8 19. Ne5 Bf6 20. b4 cxb4 (20... cxd4 $1 $14 21. Ng4 d3 22. Nxf6+ Qxf6 23. Qxf6 Nxf6) 21. Nc6 $16 {[%emt 0:01:03] White is much more active.} Bxc6 22. Rxc6 Ra5 23. Bh3 Nf8 $2 {[%emt 0:01:25] [#] Loses the game.} (23... Nc5 $16) 24. Rc8 $1 $18 (24. Qxb4 Ne6 $16) 24... Qe7 {[%emt 0:00:18] [#]} 25. Bd6 $1 {[%emt 0:00:11][%mdl 576] Deflection} Qxd6 26. Rxe8 Ra3 27. e3 g6 28. Rb1 Be7 29. Bg2 Qd7 {[%emt 0:00:22] [#]} 30. Rxe7 {[%emt 0:00:11][%mdl 576] Deflection} Qxe7 31. Bxd5 ({Don't play} 31. Qxb4 $6 Qxb4 32. Rxb4 Ra1+ 33. Kh2 Ra2) 31... Ra5 32. Bc4 ({Worse is} 32. Qxb4 Qxb4 33. Rxb4 Rxd5 $17) 32... b5 33. Bf1 (33. Qxb4 Qxb4 34. Rxb4 bxc4 35. Rxc4 Nd7 $17) 33... Ne6 34. Qxb4 Qxb4 35. Rxb4 {[%emt 0:00:01][%mdl 4096] Endgame KRB-KRN} Nc7 36. Rb1 Kf8 37. Rc1 Ra7 (37... Ne8 $142 38. Kg2 Nd6) 38. Rc5 b4 39. Rc4 Nd5 40. Rc8+ Ke7 {[%emt 0:00:05] [#]} 41. Rb8 $1 Ra1 42. Kg2 Rc1 43. Bd3 {[%emt 0:00:32] Against Rc2} Rc3 44. Be4 Nf6 45. Rb7+ Kf8 46. Bf3 Rc4 47. Bd1 {[%emt 0:00:04] And now Bb3 would win.} Ne4 48. Bb3 Rc3 (48... Nd6 {was called for.} 49. Rb8+ Rc8 50. Rxb4 Rc3) 49. Rxb4 ({Not} 49. Bxf7 Nd6 50. Rb6 Nxf7 $11) 49... g5 50. hxg5 hxg5 51. Rb7 f6 (51... Nd6) 52. Bd5 Nd6 53. Rd7 {[%emt 0:00:01] Weighted Error Value: White=0.09 (flawless) /Black=0.27 (precise)} 1-0

[Event "ChessKid Cup Div-I 2023"]
[Site "Online"]
[Date "2023.05.23"]
[Round "2.4"]
[White "Kollars, Dmitrij"]
[Black "Van Foreest, Jorden"]
[Result "1/2-1/2"]
[ECO "C48"]
[WhiteElo "2607"]
[BlackElo "2689"]
[Annotator "TA"]
[PlyCount "156"]
[EventDate "2023.05.21"]
[EventType "k.o."]
[EventCountry "NET"]
[SourceTitle "playchess.com"]
[Source "ChessBase"]
[SourceQuality "1"]
[TimeControl "900+3"]

1. e4 e5 2. Nf3 Nc6 3. Bb5 Nf6 4. d3 Bc5 5. Nc3 Nd4 6. Nxe5 c6 7. Bc4 d5 8. exd5 $1 cxd5 9. Bb3 O-O (9... Qe7 10. O-O $16 (10. Bf4 Nxb3 11. cxb3 d4 $11)) 10. O-O Re8 11. Bf4 b5 12. Re1 h6 13. Bg3 a5 14. a4 $1 b4 15. Nb5 Ra6 16. c3 Nxb3 17. Qxb3 Bf5 (17... bxc3 $16 {might work better.} 18. Rec1 (18. Qxc3 Bb4 $14) (18. bxc3 Rae6 $16) 18... Rae6) 18. d4 Bf8 19. Re3 (19. Rec1 $18) 19... Ne4 $16 20. Rae1 Rae6 21. Nf3 Rc6 22. Nc7 (22. Bc7 {with more complications.} Rxc7 23. Nxc7 Qxc7 24. Qxd5 g6 25. Rxe4 Bxe4 26. Rxe4 Rxe4 27. Qxe4 bxc3 28. bxc3 Qxc3 29. Qe1) 22... Rxc7 23. Bxc7 Qxc7 24. Qxd5 g6 (24... Qf4 $2 25. g3 (25. Qxa5 bxc3 26. bxc3 Bg4 $16) 25... Qg4 26. Nh4 (26. Qxa5 Ng5 $16) (26. Ne5 Rxe5 27. Qxe5 Ng5 $16) 26... Nxc3 27. Qxf5 $18) 25. Rxe4 Rxe4 26. Rxe4 Bxe4 27. Qxe4 bxc3 28. bxc3 Qxc3 29. Qe1 Qb3 30. Qxa5 Qd1+ 31. Qe1 $1 Qxa4 32. h3 Bd6 33. g3 Qc6 34. Qe3 Kg7 35. Nd2 Bc7 36. Qd3 Qd5 37. Nc4 h5 38. h4 Bb8 39. Ne3 Qf3 40. d5 Ba7 41. d6 Bxe3 42. fxe3 Qxg3+ 43. Kf1 Qh3+ 44. Ke2 Qd7 $2 (44... Qh2+ $11 45. Kd1 Qh1+ 46. Kc2 Qg2+ 47. Kb3 Qb7+ 48. Kc3 Qc6+ 49. Kb4 Kf6) 45. Qc3+ Kg8 46. Qc7 $2 (46. Qd4 $18) 46... Qb5+ $11 47. Kd2 Qd5+ 48. Kc3 Qe5+ 49. Kb4 Qe4+ $2 (49... Kg7 $16) 50. Kb5 $2 (50. Ka5 {Threatening mate with d7.} Qe5+ 51. Ka6) 50... Qb1+ $2 (50... Qd3+ $18 51. Kb6 Qxe3+ 52. Qc5 Qh3) 51. Ka6 $1 Qd3+ 52. Kb7 $1 Qb5+ 53. Kc8 Qa6+ 54. Kb8 Qb5+ 55. Qb7 $1 Qe5 56. Qb6 g5 57. Qd4 Qb5+ 58. Kc7 Qa5+ 59. Kc6 $2 ({White has to play} 59. Qb6 $18 Qe5 60. Kb7) 59... Qa6+ $2 {[%emt 0:00:03][%mdl 8192] [#]} (59... Qa8+ $11 60. Kc7 Qa5+ 61. Qb6 Qe5) 60. Qb6 $1 Qc8+ 61. Qc7 Qa6+ 62. Kc5 $2 (62. Kd7 {mates} Qa3 63. Qd8+ Kg7 64. Qxg5+ (64. hxg5 Qa4+ 65. Kc8 Qa8+ 66. Kd7 Qa4+ 67. Kc8 Qa8+ 68. Kd7 Qa4+ $11) 64... Kf8 65. Qd8+ (65. Qxh5 Qa7+ 66. Kc6 Qa6+ 67. Kd7 Qa7+ 68. Kc6 Qa6+ 69. Kd7 Qa7+ $11) 65... Kg7 66. Ke8 Qa4+ 67. d7 Qe4+ 68. Qe7 Qa8+ 69. d8=N (69. d8=B Qc6+ 70. Qd7 Qe4+ 71. Be7 Qa8+ 72. Qd8 Qc6+ 73. Qd7 Qa8+ 74. Bd8 Qe4+ 75. Qe7 Qc6+ 76. Qd7 Qe4+ $11) 69... Qa4+ 70. Qd7 Qxh4 71. Qxf7+ (71. Nxf7 Qe4+ 72. Ne5+ Kf6 $14) 71... Kh8 72. Qf8+ Kh7 73. Qf5+ Kh6 74. Qf8+ Kh7 75. Qf5+ Kh6 76. Qf8+ Kh7) 62... Qa3+ $18 63. Kb5 Qb3+ 64. Ka6 (64. Kc5 Qxe3+ 65. Kb5 (65. Kc6 Qf3+ 66. Kb6 Qb3+ 67. Ka6 Qa4+ 68. Kb7 Qb5+ 69. Ka7 Qa4+ 70. Kb6 Qb4+ 71. Ka6 Qa4+ 72. Kb7 Qb5+ 73. Ka7 Qa4+ 74. Kb6 Qb4+ 75. Ka6 Qa4+ $16) 65... Qd3+ 66. Kb6 (66. Kc6 gxh4 67. d7 Qe4+ 68. Kb5 Qb1+ 69. Kc5 Qg1+ 70. Kb5 Qb1+ 71. Ka6 Qd3+ 72. Ka7 Qa3+ 73. Kb8 Qb4+ 74. Kc8 Qg4 $16) 66... Qb3+ 67. Ka6 (67. Kc5 Qe3+ 68. Kb5 Qb3+ 69. Ka6 Qa4+ 70. Kb7 Qb5+ 71. Kc8 gxh4 $16) 67... Qa4+ 68. Kb7 Qb5+ 69. Kc8 gxh4 $16) (64. Kc6 $142 Qc4+ 65. Kb7 Qb5+ 66. Kc8 Qd5 67. d7 Qa8+ 68. Qb8 Qc6+ 69. Qc7 Qa8+ 70. Qb8 Qc6+ 71. Kd8) 64... Qd3+ 65. Kb7 Qb5+ 66. Kc8 Qa6+ 67. Kd8 gxh4 {[%emt 0:00:01] [#]} 68. d7 $2 (68. Qc5 $1 $18 {d7 would kill now.} h3 69. Ke7) 68... h3 $1 $11 69. Qc8 Qd6 70. Qb7 h2 71. Kc8 Qc5+ 72. Kb8 Qe5+ (72... Qxe3 {is a self mate.} 73. d8=Q+ Kg7 74. Qg2+) 73. Kc8 Qc5+ (73... Qxe3 74. d8=Q+ Kg7 75. Qg2+) 74. Kd8 Qf8+ 75. Kc7 Qc5+ 76. Kb8 Qe5+ (76... Qxe3 {leads to mate.} 77. d8=Q+ Kg7 78. Qg2+) 77. Ka7 $2 (77. Kc8 $11 {and White has nothing to worry.} Qc3+ 78. Kd8) 77... Qa5+ $19 (77... Qxe3+ 78. Kb8 Qf4+ 79. Kc8 Qc4+ 80. Kb8 $11) 78. Kb8 Qe5+ $2 (78... h1=Q $19 79. Qxh1 Qd8+ 80. Ka7 Qxd7+ 81. Kb6 Qg4 82. Qa8+ Kh7) 1/2-1/2

[Event "ChessKid Cup Div-I 2023"]
[Site "Online"]
[Date "2023.05.24"]
[Round "3.1"]
[White "Van Foreest, Jorden"]
[Black "Abdusattorov, Nodirbek"]
[Result "1/2-1/2"]
[ECO "D35"]
[WhiteElo "2689"]
[BlackElo "2731"]
[Annotator "TA"]
[PlyCount "96"]
[EventDate "2023.05.21"]
[EventType "k.o."]
[EventCountry "NET"]
[SourceTitle "playchess.com"]
[Source "ChessBase"]
[SourceQuality "1"]
[TimeControl "900+3"]

1. d4 d5 2. c4 e6 3. Nc3 Nf6 4. cxd5 exd5 5. Bg5 c6 6. e3 Bf5 7. Qf3 Bg6 8. Bxf6 Qxf6 9. Qxf6 gxf6 10. Nf3 Nd7 {[%emt 0:00:07] D35: Queen's Gambit Declined: Exchange Variation.} 11. Nh4 Bb4 12. a3 Bxc3+ {[%emt 0:00:04] White is slightly better.} 13. bxc3 b5 14. a4 bxa4 15. Rxa4 a5 16. Kd2 Nb6 {[%emt 0:00:04] [#]} 17. Ra1 $146 ({Predecessor:} 17. Ra2 Kd7 18. Be2 a4 19. Nxg6 hxg6 20. h4 f5 21. h5 Kc7 22. Kc2 Rh6 23. Rb2 gxh5 {½-½ Alonso Rosell,A (2572)-Bacrot,E (2678) FRA-chT Top 12 2021 (6.3)}) 17... Kd7 18. Nxg6 hxg6 19. h4 f5 20. Bd3 Kc7 21. g3 a4 22. Ra3 Ra5 23. Rb1 Rha8 (23... c5 {feels hotter.} 24. dxc5 Nd7 25. c6 Nc5) 24. Rb4 c5 25. dxc5 Rxc5 26. Ke2 Kc6 27. Bc2 Rca5 28. Kf3 Kc5 29. Kf4 Rb5 30. Rxb5+ Kxb5 $11 {[%emt 0:00:00][%mdl 4096] Endgame KRB-KRN} 31. h5 {[%emt 0:00:06][%mdl 64] [#] Deflection} gxh5 32. Kxf5 Nc4 33. Bd3 Kc5 34. Bxc4 Kxc4 $15 {[%emt 0:00:02] KR-KR} 35. e4 $1 dxe4 36. Kxe4 Ra5 37. Ke3 $1 f5 38. Kd2 {[%emt 0:00:13] [#]} f4 $1 39. Kc2 f3 (39... Ra8 $17) 40. Ra1 {[%emt 0:00:02] The position is equal.} a3 {[%emt 0:00:02] Hoping for ...a2.} 41. Rh1 {[%emt 0:00:17] Rh4+ would kill now.} Re5 {[%emt 0:00:59] ( -> ...Re2+)} (41... Ra7 $5 42. Rh4+ $8 Kc5 43. Rxh5+ Kd6 $11) 42. Rh4+ Kd5 {[%emt 0:00:02] White must now prevent ...a2.} (42... Kc5 $5 43. Kb3 $8 Kd5 $11) 43. Kb3 a2 44. Ra4 Re2 45. Ra5+ $1 Ke4 46. Ra4+ Kd5 47. Ra5+ $1 Ke4 48. Ra4+ Kd5 {[%emt 0:00:10] Weighted Error Value: White=0.05 (flawless) /Black=0.04 (flawless)} 1/2-1/2